Map: Deathaura LE

Players

Zoundz

  • Race: Terran Terran
  • League: Master
  • Spawn Location: 11:00

SpeCial - Winner!

  • Race: Terran Terran
  • League: Master
  • Spawn Location: 5:00

VOD

Have the link to the VOD?

Description

Time

  • Played on: Dec. 15, 2020, 10:32 p.m.
  • Length: 10:54
Show
View Real Time Build Order
Export as new Build Order

Zoundz Terran 

Build Orders:  

Get SALT Encoding   

  12  0:01  SCV  
  13  0:13  SCV  
  14  0:17  Supply Depot  
  14  0:25  SCV  
  15  0:28  Refinery  
  15  0:38  SCV  
  16  0:45  Barracks  
  16  0:50  SCV  
  17  0:59  Refinery  
  17  1:03  SCV  
  18  1:15  SCV  
  19  1:32  Orbital Command  
  19  1:33  Reaper  
  19  1:37  Factory  
  20  1:44  Supply Depot  
  20  1:59  SCV  
  21  2:05  Reaper  
  22  2:13  SCV  
  23  2:26  Hellion  
  23  2:28  Command Center  
  23  2:29  SCV  
  26  2:41  SCV  
  26  2:43  Barracks Reactor  
  27  2:46  Supply Depot  
  27  2:49  Factory Tech Lab  
  27  2:54  Starport  
  27  2:59  SCV  
  28  3:09  Cyclone  
  28  3:11  SCV  
  32  3:23  SCV  
  32  3:28  Marine  
  32  3:29  Marine  
  32  3:30  Starport Tech Lab  
  34  3:35  SCV  
  35  3:44  Orbital Command  
  35  3:46  Marine x2  
  35  3:47  SCV  
  38  3:57  Raven  
  38  4:00  SCV  
  38  4:02  Refinery  
  41  4:09  Siege Tank  
  44  4:10  Marine x2  
  44  4:12  SCV x2  
  48  4:19  Supply Depot  
  48  4:24  SCV x2  
  49  4:28  Marine x2  
  52  4:36  SCV  
  53  4:41  Siege Tank  
  56  4:49  Command Center  
  56  4:51  SCV x2  
  58  4:57  Stimpack  
  58  4:58  Refinery  
  58  5:00  Viking  
  58  5:01  Viking  
  62  5:18  SCV x2  
  61  5:30  Engineering Bay  
  61  5:31  Engineering Bay, SCV, Supply Depot  
  61  5:34  Supply Depot  
  62  5:41  Supply Depot x2  
  62  5:52  Viking  
  62  5:53  Siege Tank, SCV  
  68  5:59  Marine  
  68  6:01  SCV  
  68  6:02  Orbital Command  
  70  6:08  Terran Infantry Weapons Level 1, Terran Infantry Armor Level 1  
  70  6:17  Marine, Barracks  
  71  6:19  Barracks  
  71  6:27  SCV x2  
  71  6:30  Medivac x2, Orbital Command  
  78  6:35  Marine  
  78  6:39  SCV  
  80  6:40  SCV  
  80  6:51  SCV  
  80  6:52  SCV  
  80  6:53  Marine  
  83  6:58  Armory  
  83  6:59  SCV  
  84  7:04  Combat Shield, SCV  
  84  7:05  Barracks  
  84  7:06  Barracks Reactor x2, Barracks  
  85  7:11  Supply Depot, Marine, SCV  
  85  7:13  Supply Depot  
  87  7:28  SCV x2, Marine  
  87  7:29  SCV  
  91  7:32  Siege Tank  
  94  7:40  SCV x2  
  94  7:41  SCV  
  94  7:44  Supply Depot  
  97  7:46  Marine  
  98  7:52  SCV  
  98  7:53  SCV x2, Marine  
  98  7:55  Barracks Reactor  
  98  7:57  Barracks Reactor  
  98  7:58  Marine  
  102  7:59  Marine x2  
  102  8:02  Command Center  
  102  8:04  Siege Tank, Marine  
  102  8:05  SCV x2  
  111  8:07  Supply Depot  
  111  8:13  Marine  
  111  8:16  Marine x2  
  111  8:17  Marine  
  105  8:22  Marine  
  105  8:23  Concussive Shells  
  106  8:30  SCV x2  
  106  8:31  Marine  
  106  8:32  Marine  
  106  8:33  Refinery, Marine x3  
  106  8:34  Medivac x2, Refinery, Marine x2  
  113  8:36  Siege Tank  
  113  8:40  Marine  
  123  8:44  Factory  
  123  8:46  SCV x2  
  125  8:48  Sensor Tower  
  125  8:51  Marine x3, Supply Depot  
  125  8:52  Marine x4  
  125  8:53  Supply Depot  
  132  8:57  Supply Depot  
  132  9:00  Marine x2  
  134  9:07  SCV x3  
  134  9:08  Siege Tank  
  140  9:16  Planetary Fortress, Missile Turret  
  140  9:27  Missile Turret  
  140  9:28  Missile Turret x2, Marine x2  
  140  9:29  Marine x5  
  140  9:31  SCV  
  140  9:40  Siege Tank, Factory Tech Lab  
  140  9:43  Refinery  
  140  9:44  Refinery  
  137  9:50  Marine x4  
  126  9:55  Marine x4  
  126  9:56  Marine  
  126  9:58  Orbital Command  
  70  10:07  Marine  
  70  10:08  Marine x3  
  70  10:11  SCV  
  70  10:13  Marine x4  
  70  10:14  Marine  
  73  10:18  SCV  
  74  10:25  Marine x3  
  74  10:26  Marine  
  66  10:31  Marine x5  
Show
View Real Time Build Order
Export as new Build Order

SpeCial Terran - Winner!

Build Orders: Reaper Expand 

Get SALT Encoding   

  12  0:00  SCV  
  13  0:12  SCV  
  14  0:16  Supply Depot  
  14  0:24  SCV  
  15  0:38  SCV  
  15  0:39  Barracks  
  16  0:43  Refinery  
  16  0:50  SCV  
  17  1:02  SCV  
  18  1:14  SCV  
  19  1:26  Reaper  
  19  1:27  Orbital Command  
  20  1:41  Command Center  
  20  1:50  Supply Depot  
  20  1:53  SCV  
  21  1:58  Marine  
  22  2:05  SCV  
  23  2:09  Factory  
  23  2:14  Refinery  
  23  2:19  SCV  
  23  2:20  Barracks Reactor  
  24  2:25  Bunker  
  24  2:31  SCV  
  25  2:43  SCV  
  26  2:52  Starport  
  26  2:53  Hellion  
  26  2:55  Orbital Command  
  26  2:57  Marine  
  29  3:00  Marine  
  29  3:02  SCV  
  31  3:14  SCV  
  31  3:17  Marine x2, Factory Tech Lab  
  34  3:25  SCV  
  34  3:26  SCV  
  36  3:31  Refinery  
  36  3:34  Supply Depot  
  36  3:35  Marine x2  
  36  3:37  SCV  
  36  3:40  SCV  
  40  3:41  Raven  
  40  3:46  Factory Tech Lab  
  42  3:49  SCV  
  42  3:52  SCV  
  42  3:53  Marine x2  
  45  3:56  Supply Depot  
  45  4:01  SCV  
  46  4:04  SCV  
  46  4:05  Cyclone  
  46  4:08  Supply Depot  
  50  4:10  Marine  
  50  4:11  Marine  
  50  4:13  SCV  
  53  4:18  SCV  
  54  4:25  SCV  
  54  4:30  Supply Depot  
  55  4:34  SCV  
  55  4:36  Viking x2  
  55  4:37  Siege Tank  
  63  4:39  SCV  
  63  4:40  Marine  
  63  4:41  Stimpack  
  65  4:47  SCV  
  65  4:51  SCV  
  65  4:52  Supply Depot  
  67  5:01  Marine  
  67  5:05  SCV x2  
  70  5:08  Viking x2  
  73  5:19  Marine  
  73  5:20  SCV x2  
  73  5:21  Command Center  
  75  5:24  Siege Tank  
  75  5:25  Supply Depot  
  78  5:32  SCV  
  78  5:34  SCV  
  78  5:36  Refinery  
  78  5:37  Marine  
  78  5:38  Viking x2  
  83  5:48  SCV x2  
  83  5:49  Supply Depot  
  85  5:54  Marine  
  85  5:56  Siege Tank  
  89  6:01  SCV x2  
  91  6:09  Barracks  
  91  6:10  Barracks  
  91  6:12  Marine  
  91  6:16  Supply Depot  
  92  6:23  Engineering Bay, Medivac x2  
  92  6:24  Engineering Bay  
  96  6:27  Combat Shield  
  96  6:29  SCV  
  96  6:30  SCV, Marine  
  102  6:32  Siege Tank  
  102  6:36  Orbital Command  
  102  6:42  SCV x2  
  104  6:48  Marine  
  104  6:50  Terran Infantry Weapons Level 1  
  104  6:52  Terran Infantry Armor Level 1  
  104  6:54  SCV x2  
  107  6:58  Barracks Reactor, Barracks  
  107  7:00  Barracks Reactor, Barracks  
  107  7:06  SCV x3, Marine  
  107  7:08  Refinery  
  111  7:09  Refinery  
  111  7:18  SCV x3  
  111  7:19  Sensor Tower  
  111  7:22  Supply Depot  
  114  7:24  Supply Depot, Marine  
  118  7:30  SCV x3  
  118  7:35  Marine  
  118  7:36  Marine x2  
  124  7:37  Marine  
  124  7:41  Marine  
  124  7:42  SCV x2  
  124  7:43  SCV  
  129  7:45  Supply Depot x2  
  129  7:47  Command Center, Barracks Reactor  
  129  7:48  Barracks Reactor  
  129  7:51  Missile Turret  
  129  7:53  Missile Turret  
  129  7:54  Medivac x2, SCV  
  129  7:56  Marine x4  
  135  7:59  SCV x2  
  137  8:10  Factory  
  137  8:14  Marine x4  
  137  8:15  Barracks Reactor  
  137  8:20  SCV x2  
  137  8:21  SCV  
  137  8:23  Armory  
  137  8:24  Marine x3  
  137  8:27  Marine  
  142  8:29  Medivac  
  142  8:31  Marine  
  142  8:32  Siege Tank, Marine x2  
  151  8:36  Marine  
  152  8:42  Marine x3  
  152  8:44  Marine  
  152  8:45  Supply Depot  
  156  8:49  Marine x3  
  156  8:51  Marine  
  156  8:54  Marine  
  161  8:56  Marine  
  161  9:00  Marine x3  
  161  9:02  Marine  
  165  9:04  Siege Tank  
  165  9:07  Marine x3  
  165  9:08  Marine  
  176  9:12  Marine  
  176  9:14  Marine  
  176  9:15  Medivac x2  
  181  9:17  Marine  
  181  9:18  Marine x2  
  181  9:20  Marine  
  185  9:25  Marine x3  
  185  9:26  Marine  
  185  9:30  Marine  
  190  9:32  Marine  
  190  9:35  Marine x3  
  190  9:38  Siege Tank, Marine  
  191  9:43  Marine x2  
  191  9:44  Marine  
  191  9:45  Marine  
  193  9:51  Marine  
  193  9:52  Marine  
  190  9:55  Marine x2  
  190  9:56  Marine x2  
  172  10:00  Marine  
  172  10:01  Marine  
  172  10:02  Marine x2  
  161  10:08  Marine  
  161  10:10  Medivac x2, Marine  
  161  10:13  Marine x3  
  161  10:14  Marine  
  171  10:18  Marine x2  
  171  10:20  Marine x2  
  171  10:26  Marine  
  171  10:28  Marine  
  162  10:31  Marine x4  
Tags
 
Matchup
TvT
Player
SpeCial
Race
Terran
Spawn Locations
Cross Positions
Add a new tag
Caveats
  • Supply blocks, unpowered buildings, or Contaminate may cause inaccurate times.
  • Supply counts are checked every 10 seconds.